 Dungeon Crawl Stone Soup version 0.27.1-34-g3ba077fa99 (webtiles) character file.

Game seed: 13003953352142455917

140 Delamore the Sneak (level 5, 0/34 HPs)
             Began as an Octopode Brigand on Feb 17, 2022.
             Slain by an adder (2 damage)
             ... on level 3 of the Dungeon.
             The game lasted 00:02:09 (2212 turns).

Delamore the Sneak (Octopode Brigand)               Turns: 2212, Time: 00:02:10

Health: 0/34       AC:  1    Str: 11    XL:     5   Next: 22%
Magic:  5/5        EV: 12    Int: 13    God:
Gold:   73         SH:  0    Dex: 14    Spells: 4/4 levels left

rFire    . . .     SeeInvis .   a - +2 dagger
rCold    . . .     Faith    .   (no shield)
rNeg     . . .     Spirit   .   (helmet restricted)
rPois    .         Reflect  .   (no amulet)
rElec    .         Harm     .   (no ring)
rCorr    .         Rampage  .   (no ring)
Will     .....                  (no ring)
Stlth    +++++.....             (no ring)
HPRegen  0.11/turn              (no ring)
MPRegen  0.09/turn              (no ring)
                                (no ring)
                                (no ring)

@: brilliant, lethally poisoned (0 -> -2), studying Spellcasting
A: almost no armour, amphibious, 8 rings, camouflage 1, gelatinous body 1,
(nimble swimmer 1), tentacles
a: no special abilities


You were on level 3 of the Dungeon.
You visited 1 branch of the dungeon, and saw 3 of its levels.

You collected 73 gold pieces.

Inventory:

Hand Weapons
 a - a +2 dagger (weapon)
Missiles
 b - 8 poisoned darts (quivered)
 c - 6 curare-tipped darts
 j - 2 throwing nets
Armour
 i - a +1 tower shield
Scrolls
 d - 2 scrolls of teleportation {unknown}
 g - a scroll of magic mapping
 h - a scroll of brand weapon {unknown}
 k - a scroll of blinking {unknown}
 m - a scroll of identify {unknown}
 n - a scroll of holy word {unknown}
Potions
 e - a potion of brilliance
 f - a potion of curing {unknown}
 l - a potion of magic {unknown}
 o - a potion of resistance {unknown}


   Skills:
 - Level 2.0 Fighting
 + Level 3.3 Short Blades
 - Level 2.0 Throwing
 - Level 1.0 Dodging
 * Level 7.9 Stealth


You had 4 spell levels left.
You didn't know any spells.
Your spell library was empty.

Dungeon Overview and Level Annotations

Branches:
Dungeon (3/15)

Altars:


Innate Abilities, Weirdness & Mutations

You cannot wear most types of armour.
You are amphibious.
You can wear up to eight rings at the same time.
Your skin changes colour to match your surroundings (Stealth+).
Your rubbery body absorbs attacks. (AC +1, EV +1)
((You are camouflaged near water. (Stealth+)))
You have tentacles for arms and can constrict up to eight enemies at once.


Message History

An adder comes into view.
The goblin shouts!
You hit the orc.
The orc is heavily wounded.
You constrict the orc. The orc misses you.
You hit the orc. You squeeze the orc.
You kill the orc!
You hit the orc priest. Your grab misses the orc priest.
The orc priest is moderately wounded.
The orc priest hits you with a +0 dagger.
You hit the orc priest. You grab the orc priest. You squeeze the orc priest.
The orc priest is severely wounded.
You constrict the orc priest, but do no damage.
The orc priest hits you with a +0 dagger.
You barely miss the orc priest.
The orc priest is severely wounded.
You constrict the orc priest, but do no damage.
The orc priest casts a cantrip, but nothing happens.
You hit the orc priest.
The orc priest is almost dead.
You constrict the orc priest.
The orc priest hits you with a +0 dagger.
You hit the orc priest.
You kill the orc priest!
The adder bites you.
You are poisoned.
The adder poisons you! The goblin hits you with a +0 dagger.
The adder barely misses you.
You have reached level 5!
You feel stronger.
You feel sick. The goblin hits you with a +0 dagger.
* * * LOW HITPOINT WARNING * * *
You feel sick.
It was a potion of brilliance.
You feel clever all of a sudden.
You feel sick. The adder closely misses you.
The goblin hits you with a +0 dagger.
* * * LOW HITPOINT WARNING * * *
The adder bites you.
You die...

.. ####### # ......
....#. .#
......###.... .##
............ ....
.......#.... (..##
.......#.#.##......
##.##....gS))....#
.....#..@##.....#
...#..## #.....#
##.#.#####......
##..............#
#####................
.......##.#####.##.#.
####....# .. #...##.#
##.#.#..#


You could see an adder and a goblin.

Vanquished Creatures
  An orc priest (D:3)
  4 gnolls
  An adder (D:2)
  A worm (D:3)
  A dart slug (D:1)
  3 orcs
  5 ball pythons (D:1)
  2 endoplasms
  3 giant cockroaches
  5 goblins
  7 hobgoblins
  2 jackals (D:1)
  3 quokkas
  3 bats
  4 frilled lizards
  5 kobolds
  6 rats
56 creatures vanquished.

Notes
Turn   | Place    | Note
-------+----------+-------------------------------------------
     0 | D:1      | Delamore the Octopode Brigand began the quest for the Orb.
     0 | D:1      | Reached XP level 1. HP: 14/14 MP: 1/1
   328 | D:1      | Reached XP level 2. HP: 16/19 MP: 2/2
   532 | D:1      | Reached skill level 6 in Stealth
   628 | D:1      | Reached XP level 3. HP: 17/24 MP: 3/3
  1494 | D:2      | Reached XP level 4. HP: 25/29 MP: 4/4
  1593 | D:1      | Reached skill level 7 in Stealth
  1616 | D:1      | Identified a scroll of acquirement
  1616 | D:1      | Acquired a manual of Spellcasting
  2210 | D:3      | Reached XP level 5. HP: 14/34 MP: 5/5
  2212 | D:3      | Slain by an adder

Illustrated notes

Levels and vault maps discovered:
D:1:      nzn_arrival_depleted_hourglass, layout_basic
D:2:      layout_loops_ring
D:3:      layout_rooms

Skill      XL: |  1  2  3  4 |
---------------+-------------+-----
Stealth        | 6 7 |  7.9
Short Blades   | 3 |  3.3
Fighting       | |  2.0
Throwing       | |  2.0
Dodging        | |  1.0

Action                   |  1- 3 |  4- 6 || total
-------------------------+-------+-------++-------
Melee: Dagger            |    60 |    49 ||   109
       Constrict         |    18 |     9 ||    27
       Tentacles         |    14 |     9 ||    23
Throw: Dart              |       |     5 ||     5
  Use: Scroll            |       |     3 ||     3
       Potion            |       |     1 ||     1
 Stab: Sleeping          |    11 |     8 ||    19
       Distracted        |     1 |       ||     1
Armor: Skin              |     3 |     4 ||     7
Dodge: Dodged            |    26 |    32 ||    58
